AoeStats
← kuroba

Runestones

508398864Analyzed
1v1 RM · 10d ago on Sep 22, 2026· 41m 3s· 2 players
Game mode
Random Map
Map size
Tiny (2 player)
Population
200
Speed
Normal
Resources
Standard
Victory
Conquest
Starting age
Dark Age
Ending age
Imperial Age
RankedLock teamsTeams togetherTeam positionsShared explorationLock speedFull tech treeHidden civsTurbo modeCheats
Victory
Defeat
🇪🇸 Bengalis · Spain
1076
+16
🇵🇹 Jurchens · Portugal
1086
-16
Aaronsito
9:32 Feudal Age
7:49 Loom
10:02 Double-Bit Axe
17:26 Horse Collar
21:42 Castle Age
19:38 Fletching
20:30 Padded Archer Armor
21:10 Gold Mining
22:03 Bloodlines
22:40 Husbandry
22:52 Bodkin Arrow
28:19 Ballistics
30:08 Wheelbarrow
30:11 Gold Shaft Mining
34:00 Hand Cart
34:55 Heavy Plow
40:58 Imperial Age
kuroba
10:27 Feudal Age
15:15 Castle Age
13:40 Double-Bit Axe
14:21 Loom
14:38 Horse Collar
17:37 Wheelbarrow
24:32 Fletching
30:56 Town Watch
31:37 Murder Holes
32:21 Hand Cart
33:15 Ballistics
32:52 Bodkin Arrow
35:35 Elite Skirmisher
Connection lost

Rejoining the realm…

Still unreachable

The connection could not be restored.

Session expired

The server has moved on; the page needs a fresh start.